 Dungeon Crawl Stone Soup version 0.28.0-47-ge53b351184 (webtiles) character file.

Game seed: 8461484326146101006

65 Peloso the Covered (level 3, 0/33 HPs)
             Began as a Minotaur Fighter on Apr 25, 2022.
             Killed by divine providence
             ... invoked by an orc priest
              (14 damage)
             ... on level 3 of the Dungeon.
             The game lasted 00:03:30 (1343 turns).

Peloso the Covered (Minotaur Fighter)               Turns: 1343, Time: 00:03:31

Health: 0/33       AC:  7    Str: 20    XL:     3   Next: 92%
Magic:  2/2        EV:  9    Int:  5    God:
Gold:   49         SH:  4    Dex: 11    Spells: 2/2 levels left

rFire   . . .      SeeInvis .   a - +0 long sword
rCold   . . .      Faith    .   c - +0 buckler
rNeg    . . .      Spirit   .   b - +0 scale mail
rPois   .          Reflect  .   (helmet restricted)
rElec   .          Harm     .   (no cloak)
rCorr   .          Rampage  .   (no gloves)
Will    .....                   (no boots)
Stlth   ..........              (no amulet)
HPRegen 0.11/turn               (no ring)
MPRegen 0.08/turn               (no ring)

@: no status effects
A: horns 2, retaliatory headbutt
a: no special abilities


You were on level 3 of the Dungeon.
You visited 1 branch of the dungeon, and saw 3 of its levels.

You collected 49 gold pieces.

Inventory:

Hand Weapons
 a - a +0 long sword (weapon)
Armour
 b - a +0 scale mail (worn)
 c - a +0 buckler (worn)
Scrolls
 e - a scroll of noise {unknown}
 g - a scroll of fear {unknown}
 h - a scroll of immolation {unknown}
 j - 2 scrolls of identify {unknown}
 l - a scroll of brand weapon {unknown}
Potions
 d - 2 potions of might
 f - 2 potions of curing
 i - a potion of degeneration {unknown}
 k - a potion of resistance {unknown}


   Skills:
 + Level 4.1 Fighting
 + Level 3.6 Long Blades
 + Level 4.2 Armour
 + Level 0.6 Dodging
 + Level 4.1 Shields


You had 2 spell levels left.
You didn't know any spells.
Your spell library contained the following spells:

 Spells                   Type           Power      Damage    Failure   Level
 Summon Small Mammal      Summ           0%         N/A       88%         1
 Call Canine Familiar     Summ           0%         N/A       99%         3
 Summon Guardian Golem    Hex/Summ       0%         N/A       99%         3


Dungeon Overview and Level Annotations

Branches:
Dungeon (3/15)

Altars:

Annotations:
D:2 1 runed translucent door, Crazy Yiuf, Sigmund


Innate Abilities, Weirdness & Mutations

You have a pair of horns on your head.
You reflexively headbutt those who attack you in melee.


Message History

The orc priest hits you but does no damage.
You block the orc's attack. The goblin closely misses you.
You furiously retaliate!
You headbutt the goblin!
You kill the goblin!
You barely miss the orc priest. You headbutt the orc priest.
The orc priest is lightly wounded.
The rat bites you but does no damage.
The orc priest hits you but does no damage.
The orc hits you but does no damage.
Unknown command.
You hit the orc priest but do no damage.
You headbutt the orc priest.
The orc priest is lightly wounded.
The rat barely misses you.
The orc priest invokes the aid of Beogh against you.
Beogh smites you! The orc hits you with a +0 club. The orc barely misses you.
The rat barely misses you.
You see here a +0 club.
The orc priest hits you with a +0 club.
* * * LOW HITPOINT WARNING * * *
The rat twitches its whiskers.
Unknown command.
It was a potion of curing.
You feel better. The orc hits you but does no damage.
Unknown command.
You hit the orc.
The orc is heavily wounded.
The orc closely misses you. x2
Unknown command.
You hit the orc.
You kill the orc!
You slash the rat!
You kill the rat!
You slash the orc!
You kill the orc!
You hit the orc priest. Your headbutt misses the orc priest.
The orc priest is moderately wounded.
The orc priest invokes the aid of Beogh against you.
Beogh smites you!
You die...

####..............#.
# ##..............#
#.
#.#.#.......#..#...
#.#.#.......#...# .#
#.#.#..?..)...# #..#
#.#.......)...#..#
#.####...........#
#.# #...###o#...# #.
##### #@###.# #####.
#......# ......
###.###.# ###### .#
#


You could see an orc priest.

Vanquished Creatures
  An iguana (D:1)
  A worm (D:2)
  A dart slug (D:1)
  3 orcs (D:3)
  2 bats
  3 endoplasms (D:1)
  2 giant cockroaches
  6 goblins
  2 kobolds
  3 ball pythons (D:1)
  3 rats
27 creatures vanquished.

Notes
Turn   | Place    | Note
-------+----------+-------------------------------------------
     0 | D:1      | Peloso the Minotaur Fighter began the quest for the Orb.
     0 | D:1      | Reached XP level 1. HP: 19/19 MP: 0/0
   192 | D:1      | Reached XP level 2. HP: 27/27 MP: 1/1
   680 | D:2      | Noticed Sigmund
   826 | D:2      | Found a runed translucent door.
   827 | D:2      | Noticed Crazy Yiuf
   866 | D:1      | Reached XP level 3. HP: 5/33 MP: 2/2
  1343 | D:3      | Killed from afar by an orc priest

Illustrated notes

Levels and vault maps discovered:
D:1:      dpeg_arrival_rooms_a, layout_basic
D:2:      layout_basic, hellmonk_ecumenical_altar_arch_garden,
          minmay_fractal_squares_5, uniq_sigmund, uniq_crazy_yiuf_cottage
D:3:      layout_loops_corners, lemuel_tele_altar, hangedman_decor_peaks_small

Skill      XL: |  1  2 |
---------------+-------+-----
Shields        | 4 |  4.1
Armour         | 4 |  4.2
Long Blades    | 3 |  3.6
Fighting       | 4 |  4.1
Dodging        | |  0.6

Action                   || total
-------------------------++-------
Melee: Long sword        ||    62
       Headbutt          ||    11
  Use: Potion            ||     1
Armor: Scale mail        ||    39
Dodge: Dodged            ||    42
Block: Buckler           ||    21
